 Dungeon Crawl Stone Soup version 0.29-a0-598-gd8304a5bf4 (console) character file.

Game seed: 5482445117323506699

744 om the Poker (level 7, -1/59 HPs)
             Began as a Merfolk Berserker on June 15, 2022.
             Was a Believer of Trog.
             Slain by a scorpion (5 damage)
             ... on level 4 of the Dungeon.
             The game lasted 00:06:21 (5599 turns).

om the Poker (Merfolk Berserker)                    Turns: 5599, Time: 00:06:21

Health: -1/59      AC:  2    Str: 17    XL:     7   Next: 76%
Magic:  7/7        EV: 14    Int:  7    God:    Trog [**....]
Gold:   350        SH:  0    Dex: 15    Spells: 6/6 levels left

rFire   . . .      SeeInvis .   a - +0 spear
rCold   . . .      Faith    .   (no shield)
rNeg    . . .      Spirit   .   b - +0 animal skin
rPois   .          Reflect  .   (no helmet)
rElec   .          Harm     .   (no cloak)
rCorr   .          Rampage  .   (no gloves)
Will    ++...                   (no boots)
Stlth   +.........              (no amulet)
HPRegen 1.19/turn               (no ring)
MPRegen 0.10/turn               (no ring)

@: lethally poisoned (-1 -> -1), strong-willed, regenerating
A: (nimble swimmer 2), mertail, robust 1
a: Renounce Religion, Berserk, Trog's Hand


You were on level 4 of the Dungeon.
You worshipped Trog.
Trog was pleased with you.
You visited 1 branch of the dungeon, and saw 5 of its levels.

You collected 350 gold pieces.

Inventory:

Hand Weapons
 a - a +0 spear (weapon)
Armour
 b - a +0 animal skin (worn)
Jewellery
 k - a ring of fire
 r - a ring of ice
Scrolls
 c - a scroll of silence {unknown}
 i - a scroll of teleportation
 l - a scroll of poison
 m - 2 scrolls of fog {unknown}
 o - a scroll of blinking {unknown}
 q - a scroll of summoning {unknown}
Potions
 e - 4 potions of curing
 f - a potion of cancellation {unknown}
 g - 2 potions of degeneration {unknown}
 h - 2 potions of invisibility
 j - 2 potions of lignification
 n - a potion of ambrosia {unknown}
 p - a potion of brilliance {unknown}


   Skills:
 - Level 4.0 Fighting
 + Level 6.9 Polearms
 * Level 4.7 Armour
 - Level 5.0 Dodging


You had 6 spell levels left.
You didn't know any spells.
Your spell library was empty.

Dungeon Overview and Level Annotations

Branches:
Dungeon (5/15)
 Temple: D:4-7

Altars:
Hepliaklqana
Nemelex Xobeh
Trog
The Shining One


Innate Abilities, Weirdness & Mutations

((You are very nimble when in or above water. (Stealth+, EV+, Speed+++)))
Your lower body shifts to a powerful aquatic tail in water.
You are robust. (+10% HP)


Message History

You start resting.
A scorpion comes into view.
The scorpion moves out of view.
You start resting.
You feel yourself speed up.
You now have 350 gold pieces (gained 13).
You start resting.
A scorpion is nearby!
The scorpion stings you.
You are poisoned.
The scorpion poisons you!
You feel very sick.
You feel very sick.
You feel better.
You recover from your berserk rage.
The scorpion closely misses you. The scorpion stings you.
The scorpion attacks as you move away! The scorpion stings you.
Your skin crawls.
You feel strong-willed. The scorpion stings you.
The scorpion closely misses you. The scorpion barely misses you.
Things that are here:
a +0 short sword; an orc corpse The scorpion attacks as you move away!
The scorpion stings you.
You are poisoned.
The scorpion poisons you!
You feel very sick.
There is a stone staircase leading up, spattered with blood here.
You feel sick. The scorpion stings you.
* * * LOW HITPOINT WARNING * * *
You climb upwards.
You feel very sick.
There is a stone staircase leading down here.
You feel sick. The scorpion attacks as you move away! The scorpion stings you.
* * * LOW HITPOINT WARNING * * *
You feel sick. The scorpion attacks as you move away! The scorpion stings you.
You die...

###### #....### #########
#.##...# #.......# #.####@#
#..(....# #.# #s# #.......# # #.#
#>###.......# ## ###.#
#...........# ###. ##..(#
####....>....###...
##..#####............##..#.
#######.†## #..####.......##.##.
.....##†## #.## ##.............
......#.# #.####.........####.
.....)..######.............## #..
...............#####.......####.#


You could see a scorpion.

Vanquished Creatures
  Grinder (D:3)
  2 ogres (D:5)
  A centaur (D:5)
  A scorpion (D:4)
  An iguana (D:4)
  Jessica (D:3)
  Terence (D:3)
  An orc wizard (D:3)
  5 adders
  2 white imps (D:5)
  A worm (D:2)
  A dart slug (D:2)
  4 orcs
  4 endoplasms
  4 giant cockroaches
  3 goblins
  2 hobgoblins (D:1)
  5 kobolds
  5 quokkas
  13 ball pythons
  7 bats
  3 frilled lizards
  4 rats
72 creatures vanquished.

Notes
Turn   | Place    | Note
-------+----------+-------------------------------------------
     0 | D:1      | om the Merfolk Berserker began the quest for the Orb.
     0 | D:1      | Reached XP level 1. HP: 18/18 MP: 1/1
   149 | D:1      | Reached XP level 2. HP: 14/24 MP: 2/2
   460 | D:1      | Found a faded altar of an unknown god.
   939 | D:2      | Gained mutation: Your magical capacity is low. (-10% MP)
                  | [potion of mutation]
   939 | D:2      | Lost mutation: Your magical capacity is low. (-10% MP)
                  | [potion of mutation]
   939 | D:2      | Gained mutation: You are robust. (+10% HP) [potion of
                  | mutation]
  1081 | D:2      | Reached XP level 3. HP: 29/31 MP: 3/3
  1916 | D:2      | Reached ** piety under Trog
  2106 | D:3      | Noticed Terence
  2108 | D:3      | Noticed Jessica
  2115 | D:3      | Killed Terence
  2116 | D:3      | Reached XP level 4. HP: 36/40 MP: 4/4
  2122 | D:3      | Killed Jessica
  2301 | D:3      | Found a bloodstained altar of Trog.
  2306 | D:3      | Found a sparkling altar of Nemelex Xobeh.
  2306 | D:3      | Found a glowing golden altar of the Shining One.
  2307 | D:3      | Found a hazy altar of Hepliaklqana.
  2484 | D:3      | Reached XP level 5. HP: 35/46 MP: 5/5
  2799 | D:3      | Reached skill level 5 in Polearms
  3108 | D:3      | Noticed Grinder
  3121 | D:3      | Paralysed by Grinder for 2 turns
  3128 | D:3      | Paralysed by Grinder for 4 turns
  3137 | D:3      | Killed Grinder
  3138 | D:3      | Reached XP level 6. HP: 3/52 MP: 6/6
  3794 | D:4      | Reached skill level 5 in Dodging
  4101 | D:4      | Reached skill level 6 in Polearms
  4101 | D:4      | Reached XP level 7. HP: 46/59 MP: 7/7
  4562 | D:5      | Entered Level 5 of the Dungeon
  5599 | D:4      | Slain by a scorpion

Illustrated notes

Levels and vault maps discovered:
D:1:      dpeg_arrival_three_same_balls, layout_rooms,
          ebering_ecumenical_altar_abandoned, serial_rivers,
          chequers_serial_rivers_room_b, chequers_serial_rivers_small_b,
          chequers_serial_rivers_micro_b, chequers_serial_rivers_micro_e
D:2:      layout_loops_corners, serial_bayou_pond_d, kennysheep_generic_room_6
D:3:      layout_basic, grunt_temple_overflow_open, minmay_misc_feat_plants,
          uniq_terence, uniq_jessica, uniq_grinder
D:4:      layout_rooms
D:5:      layout_cave_pools, minmay_misc_feat_tiny, minmay_misc_feat_rugged

Skill      XL: |  1  2  3  4  5  6  7 |
---------------+----------------------+-----
Dodging        | 3 4 5 |  5.0
Armour         | 2 3 4 |  4.7
Fighting       | 4 |  4.0
Polearms       | 5 6 |  6.9

Action                   |  1- 3 |  4- 6 |  7- 9 || total
-------------------------+-------+-------+-------++-------
Melee: Spear             |   122 |   133 |    82 ||   337
       Punch             |     1 |     1 |     3 ||     5
Invok: Berserk           |     1 |     2 |     4 ||     7
       Trog's Hand       |       |       |     1 ||     1
  Use: Scroll            |     3 |       |     2 ||     5
       Potion            |     2 |     1 |     1 ||     4
 Stab: Sleeping          |     4 |     1 |     1 ||     6
Armor: Animal skin       |    18 |    14 |    14 ||    46
Dodge: Dodged            |    80 |    72 |    64 ||   216

Table legend: (Time is in decaauts)
 A = Elapsed time spent in this place.
 B = Non-inter-level travel time spent in this place.
 C = Inter-level travel time spent in this place.
 D = Time resting spent in this place.
 E = Time spent auto-exploring this place.
 F = Levels seen in this place.
 G = Mean time per level.
                   A        B        C        D        E       F      G
               +--------+--------+--------+--------+--------+-----+--------+
         Total |   5605 |   5507 |     98 |   2125 |   2673 |   5 | 1121.0 |
       Dungeon |   5605 |   5507 |     98 |   2125 |   2673 |   5 | 1121.0 |
               +--------+--------+--------+--------+--------+-----+--------+

Top non-repeatable levels by time:
     D:3: 1650 daAuts
     D:4: 1488 daAuts
     D:2: 1088 daAuts
     D:1: 911 daAuts
     D:5: 467 daAuts
